AoeStats
← gokulsurya003

Arena

510341289Analyzed
4v4 RM · 1d ago on Sep 30, 2026· 55m 14s· 8 players
Game mode
Random Map
Map size
Large (8 player)
Population
200
Speed
Normal
Resources
Standard
Victory
Conquest
Starting age
Dark Age
Ending age
Imperial Age
RankedLock teamsTeams togetherTeam positionsShared explorationLock speedFull tech treeHidden civsTurbo modeCheats
Victory
Defeat
🇮🇳 Bohemians · India
809
+12
🇨🇳 Franks · China
776
+13
🇹🇼 Portuguese · Taiwan
754
+14
🇮🇳 Byzantines · India
702
+16
🇹🇷 Slavs · Türkiye
852
-19
🇵🇪 Khmer · Peru
845
-19
🇺🇸 Britons · United States
593
-9
🇪🇸 Celts · Spain
568
-8
gokulsurya003
0:41 Loom
10:37 Feudal Age
11:57 Wheelbarrow
21:47 Castle Age
19:56 Horse Collar
20:10 Double-Bit Axe
21:54 Gold Mining
21:54 Stone Mining
22:01 Stone Mining
28:48 Imperial Age
28:01 Scale Barding Armor
28:05 Scale Mail Armor
28:04 Fletching
29:17 Husbandry
30:55 Chemistry
31:49 Cavalier
33:38 Stone Shaft Mining
33:38 Gold Shaft Mining
38:10 Chain Barding Armor
37:46 Bodkin Arrow
38:04 Forging
37:56 Padded Archer Armor
42:34 Hand Cart
44:55 Plate Barding Armor
50:51 Heavy Cavalry Archer
51:50 Leather Archer Armor
51:35 Bracer
RAVANAN
0:48 Loom
14:10 Feudal Age
15:29 Wheelbarrow
14:44 Double-Bit Axe
14:48 Horse Collar
20:56 Castle Age
24:32 Hand Cart
24:03 Town Watch
28:04 Wagenburg Tactics
30:18 Bow Saw
32:45 Imperial Age
31:04 Fletching
31:16 Padded Archer Armor
32:43 Husbandry
35:21 Chemistry
35:09 Conscription
36:52 Bodkin Arrow
37:12 Leather Archer Armor
37:06 Scale Barding Armor
39:18 Houfnice
39:49 Cavalier
42:28 Pikeman
43:09 Squires
43:20 Forging
43:10 Scale Mail Armor
43:43 Ring Archer Armor
43:15 Bracer
44:44 Iron Casting
43:34 Halberdier
46:47 Chain Mail Armor
46:53 Chain Barding Armor
48:14 Elite Hussite Wagon
NDS
6:42 Loom
9:20 Feudal Age
16:47 Castle Age
15:29 Double-Bit Axe
15:33 Horse Collar
18:55 Heavy Plow
23:10 Bow Saw
23:50 Town Watch
24:40 Wheelbarrow
26:32 Hand Cart
33:07 Imperial Age
31:44 Town Patrol
32:56 Ballistics
32:32 Murder Holes
32:48 Masonry
33:24 Fortified Wall
32:55 Treadmill Crane
33:13 Fletching
33:24 Padded Archer Armor
35:05 Chemistry
34:04 Bodkin Arrow
34:33 Conscription
36:01 Two-Man Saw
35:33 Crop Rotation
36:21 Architecture
37:25 Arquebus
36:55 Pikeman
38:59 Bracer
39:10 Forging
39:01 Scale Mail Armor
39:16 Leather Archer Armor
38:26 Halberdier
40:55 Iron Casting
40:29 Siege Engineers
44:09 Blast Furnace
43:25 Chain Mail Armor
43:40 Ring Archer Armor
47:40 Gambesons
47:16 Man-at-Arms
48:06 Arson
47:42 Long Swordsman
47:48 Long Swordsman
48:15 Arson
48:20 Elite Organ Gun
49:02 Circumnavigation
54:41 Plate Mail Armor
鹿头
7:34 Loom
11:14 Feudal Age
12:02 Double-Bit Axe
16:10 Castle Age
19:10 Bow Saw
21:44 Stone Mining
21:46 Gold Mining
25:18 Wheelbarrow
26:58 Hand Cart
29:38 Gold Shaft Mining
30:26 Husbandry
33:28 Imperial Age
31:21 Forging
31:17 Scale Barding Armor
33:21 Chain Barding Armor
33:37 Iron Casting
35:16 Chemistry
34:26 Masonry
35:45 Cavalier
37:03 Plate Barding Armor
37:28 Blast Furnace
39:17 Paladin
45:55 Siege Engineers
45:47 Murder Holes
46:14 Ballistics
brito_regi
0:29 Loom
11:12 Feudal Age
15:10 Horse Collar
16:05 Double-Bit Axe
16:20 Man-at-Arms
17:15 Padded Archer Armor
17:57 Town Watch
22:55 Castle Age
22:15 Wheelbarrow
21:49 Arson
24:12 Stone Mining
24:16 Gold Mining
26:18 Bow Saw
28:18 Stronghold
30:55 Murder Holes
35:18 Imperial Age
32:58 Gambesons
32:58 Pikeman
39:15 Halberdier
39:48 Elite Skirmisher
Ardino18
6:45 Loom
11:02 Feudal Age
12:08 Horse Collar
12:16 Double-Bit Axe
13:32 Forging
13:24 Scale Mail Armor
13:08 Man-at-Arms
19:00 Gold Mining
23:16 Castle Age
22:27 Scale Barding Armor
23:06 Bloodlines
24:37 Chain Barding Armor
24:51 Bow Saw
25:52 Stone Mining
26:30 Heavy Plow
25:59 Pikeman
26:42 Squires
28:30 Iron Casting
31:55 Gold Shaft Mining
33:03 Wheelbarrow
32:13 Town Watch
32:55 Husbandry
36:43 Imperial Age
34:24 Detinets
36:11 Hand Cart
35:58 Town Patrol
36:47 Chain Mail Armor
38:04 Crop Rotation
38:38 Two-Man Saw
38:01 Elite Boyar
44:41 Conscription
47:06 Plate Barding Armor
guitarflyingmatt
6:40 Loom
10:04 Feudal Age
12:25 Wheelbarrow
11:37 Double-Bit Axe
14:55 Horse Collar
20:59 Castle Age
19:46 Gold Mining
19:47 Stone Mining
20:22 Fletching
20:37 Scale Mail Armor
21:29 Forging
22:14 Bow Saw
22:07 Heavy Plow
23:29 Hand Cart
24:05 Padded Archer Armor
27:37 Gold Shaft Mining
27:06 Bodkin Arrow
28:14 Squires
27:36 Pikeman
28:40 Man-at-Arms
33:19 Imperial Age
30:33 Long Swordsman
31:03 Arson
32:06 Ballistics
31:56 Fortified Wall
32:24 Fervor
33:27 Two-Handed Swordsman
33:27 Halberdier
34:19 Bracer
34:56 Iron Casting
34:09 Treadmill Crane
34:28 Town Watch
35:34 Sanctity
36:27 Chemistry
36:37 Champion
37:23 Murder Holes
37:54 Conscription
39:16 Blast Furnace
38:33 Chain Mail Armor
39:08 Elite Longbowman
40:21 Yeomen
40:05 Guard Tower
41:07 Leather Archer Armor
40:54 Herbal Medicine
47:59 Plate Mail Armor
48:01 Ring Archer Armor
54:17 Hoardings
Luisilloelpillo
9:01 Loom
11:42 Feudal Age
14:01 Wheelbarrow
16:33 Castle Age
14:47 Double-Bit Axe
15:55 Horse Collar
31:24 Imperial Age
29:14 Hand Cart
28:45 Town Watch
29:40 Forging
29:30 Scale Mail Armor
29:36 Scale Barding Armor
31:03 Pikeman
31:31 Arson
31:54 Scale Barding Armor
31:50 Scale Mail Armor
31:50 Padded Archer Armor
31:41 Fletching
34:25 Chemistry
33:05 Halberdier
37:54 Onager
39:52 Parthian Tactics
38:48 Elite Skirmisher
39:01 Crossbowman
40:39 Elite Ballista Elephant
41:20 Double Crossbow
40:48 Heavy Scorpion
Connection lost

Rejoining the realm…

Still unreachable

The connection could not be restored.

Session expired

The server has moved on; the page needs a fresh start.